 Dungeon Crawl Stone Soup version 0.29.1-15-g9cfb28693d (webtiles) character file.

Game seed: 4473729800517982787

1176 rakiston the Frost Mage (level 8, -1/53 HPs)
             Began as a Merfolk Ice Elementalist on Mar 6, 2023.
             Slain by an ice beast (5 damage)
             ... on level 5 of the Dungeon on Mar 7, 2023.
             The game lasted 00:37:02 (6305 turns).

rakiston the Frost Mage (Merfolk Ice Elementalist)  Turns: 6305, Time: 00:37:03

Health: -1/53      AC:  2    Str:  9    XL:     8   Next: 41%
Magic:  11/11      EV: 14    Int: 16    God:
Gold:   25         SH:  0    Dex: 14    Spells: 3/11 levels left

rFire   . . .      SeeInvis .   h - +0 spear
rCold   . . .      Faith    .   (no shield)
rNeg    . . .      Spirit   .   a - +0 robe
rPois   .          Reflect  .   (no helmet)
rElec   .          Harm     .   (no cloak)
rCorr   .          Rampage  .   (no gloves)
Will    .....                   (no boots)
Stlth   ++........              d - amulet of magic regeneration
HPRegen 0.17/turn               (no ring)
MPRegen 0.52/turn               (no ring)

@: about to teleport
A: (nimble swimmer 2), mertail
a: no special abilities


You were on level 5 of the Dungeon.
You visited 1 branch of the dungeon, and saw 5 of its levels.
You also visited: Sewer.

You collected 242 gold pieces.
You spent 217 gold pieces at shops.

Inventory:

Hand Weapons
 c - a +0 halberd of protection
 h - a +0 spear (weapon)
 j - a +2 whip of electrocution
Missiles
 y - 11 poisoned darts
 z - a curare-tipped dart
Armour
 a - a +0 robe (worn)
 g - a scarf of shadows
Magical Staves
 C - a staff of fire
Jewellery
 d - an amulet of magic regeneration (around neck)
 e - an amulet of the acrobat
Wands
 m - a wand of flame (11)
Scrolls
 f - a scroll of fear
 k - a scroll of poison
 n - a scroll of noise {unknown}
 p - a scroll of enchant weapon {unknown}
 r - 2 scrolls of enchant armour {unknown}
 s - 2 scrolls of magic mapping
 v - 2 scrolls of teleportation
 D - a scroll of vulnerability {unknown}
Potions
 b - 2 potions of magic
 i - a potion of attraction
 l - 3 potions of lignification
 o - 2 potions of brilliance {unknown}
 q - 4 potions of flight {unknown}
 t - a potion of berserk rage {unknown}
 u - 3 potions of resistance {unknown}
 w - 2 potions of ambrosia {unknown}
 x - 2 potions of curing
 A - a potion of mutation {unknown}
 B - a potion of invisibility {unknown}
 E - a potion of might {unknown}
 F - a potion of degeneration


   Skills:
 - Level 0.4 Fighting
 - Level 4.1 Polearms
 + Level 4.8 Dodging
 - Level 2.1 Stealth
 - Level 0.2 Unarmed Combat
 - Level 2.0 Spellcasting
 * Level 1.3 Conjurations
 - Level 10.1 Ice Magic
 - Level 0.2 Evocations


You had 3 spell levels left.
You knew the following spells:

 Your Spells              Type           Power      Damage    Failure   Level
a - Freeze                Ice            100%       1d11      1%          1
b - Frozen Ramparts       Ice            66%        1d10      1%          3
c - Hailstorm             Conj/Ice       19%        3d6       21%         4

Your spell library contained the following spells:

 Spells                   Type           Power      Damage    Failure   Level
 Ozocubu's Armour         Ice            33%        N/A       1%          3
 Magic Dart               Conj           20%        1d4       12%         1
 Searing Ray              Conj           10%        2d4       19%         2
 Metabolic Englaciation   Hex/Ice        8%         N/A       58%         5
 Fulminant Prism          Conj/Hex       1%         3d6       83%         4
 Simulacrum               Ice/Necr       8%         N/A       99%         6


Dungeon Overview and Level Annotations

Branches:
Dungeon (5/15)              Sewer (visited)
 Temple: D:4-7

Altars:
Cheibriados
Fedhas
Trog
Uskayaw

Shops:
D:3 ??   D:5 !


Innate Abilities, Weirdness & Mutations

((You are very nimble when in or above water. (Stealth+, EV+, Speed+++)))
Your lower body shifts to a powerful aquatic tail in water.


Message History

The black bear bites you. The black bear claws you. The black bear misses you.
You hit the black bear.
The black bear is heavily wounded.
The wall freezes the black bear.
The black bear goes berserk!
You hit the black bear but do no damage.
The black bear is severely wounded.
The wall freezes the black bear.
The black bear bites you! The black bear claws you.
The black bear barely misses you.
You hit the black bear.
The black bear is almost dead.
The wall freezes the black bear.
You kill the black bear!
Your Conjurations skill increases to level 1!
Reach: h) +0 spear
Press: ? - help, Dir - move target, f - ice beast
Aim: an ice beast (about 37% to evade your +0 spear)
You reach to attack!
You hit the ice beast but do no damage. You hit the ice beast but do no damage.
The wall freezes the ice beast but does no damage.
The ice beast hits you. The ice beast freezes you!
Okay, then.
As you read the scroll of teleportation, it crumbles to dust.
You feel strangely unstable.
The frozen ramparts melt away.
The ice beast barely misses you.
Aiming: Throw Flame
Press: ? - help, Shift-Dir - straight line, f/p - ice beast
Aim: an ice beast (68% to hit)
The puff of flame hits the ice beast!
The ice beast melts!
The ice beast is moderately wounded.
The ice beast hits you. The ice beast freezes you!
* * * LOW HITPOINT WARNING * * *
Aiming: Throw Flame
Press: ? - help, Shift-Dir - straight line, f/p - ice beast
Aim: an ice beast (moderately wounded, 68% to hit)
The puff of flame hits the ice beast.
The ice beast melts!
The ice beast is heavily wounded.
The ice beast hits you.
* * * LOW HITPOINT WARNING * * *
The ice beast freezes you.
You die...

#. #. ########. #......#.
######......#. #####
#...........#. #...#
#...........(.
#####...#####...........##
.........@................
........Y####.......#.....
.........# #.......#.####
.........# #######.#.# #
#........# #.#.# #
#........# #.#.# #
#........# #.#.# #
#........# #.#.# #
.._.....##########.#.# #


You could see an ice beast.

Vanquished Creatures
  2 black bears (D:5)
  2 kobold brigands (Sewer)
  A gnoll sergeant (D:5)
  A necrophage (D:4)
  A scorpion (D:5)
  3 hounds
  A gnoll bouda (D:5)
  2 jellies
  An iguana (D:4)
  3 orc wizards (D:5)
  Natasha (thrice) (D:2)
  11 adders
  5 gnolls (D:5)
  5 river rats (Sewer)
  A shadow imp (D:5)
  A white imp (D:5)
  An ufetubus (D:5)
  2 worms (D:1)
  A dart slug (D:4)
  8 orcs
  15 endoplasms
  12 giant cockroaches
  2 goblins
  3 hobgoblins
  10 jackals
  9 kobolds
  4 quokkas
  11 ball pythons
  6 bats
  3 frilled lizards
  7 rats
137 creatures vanquished.

Vanquished Creatures (others)
  12 plants (Sewer)
12 creatures vanquished.

Grand Total: 149 creatures vanquished

Notes
Turn   | Place    | Note
-------+----------+-------------------------------------------
     0 | D:1      | rakiston the Merfolk Ice Elementalist began the quest for
                  | the Orb.
     0 | D:1      | Reached XP level 1. HP: 13/13 MP: 3/3
     1 | D:1      | Found a runed translucent door.
     6 | D:1      | Noticed a jelly
   336 | D:1      | Found a faded altar of an unknown god.
   347 | D:1      | Reached XP level 2. HP: 19/19 MP: 3/5
   533 | D:1      | Reached skill level 5 in Ice Magic
   850 | D:2      | Found a hide-covered altar of Uskayaw.
   933 | D:2      | Noticed Natasha
   940 | D:2      | Killed Natasha
   941 | D:2      | Reached XP level 3. HP: 24/24 MP: 3/6
   945 | D:2      | Learned a level 3 spell: Frozen Ramparts
   947 | D:2      | Noticed Natasha
   957 | D:2      | Killed Natasha
   958 | D:2      | Reached skill level 6 in Ice Magic
   958 | D:2      | Reached XP level 4. HP: 16/30 MP: 4/7
   962 | D:2      | Noticed Natasha
   968 | D:2      | Killed Natasha
  1392 | D:2      | Reached XP level 5. HP: 35/35 MP: 4/8
  1692 | D:1      | Reached skill level 7 in Ice Magic
  1818 | D:3      | Found a bloodstained altar of Trog.
  1942 | D:3      | Found Zaegacoo's Magic Scroll Shop.
  1950 | D:3      | Bought a scroll of magic mapping for 97 gold pieces
  1994 | D:3      | Found Boluosm's Magic Scroll Boutique.
  2401 | D:4      | Reached skill level 1 in Polearms
  2401 | D:4      | Reached XP level 6. HP: 42/42 MP: 5/9
  2426 | D:4      | Found a blossoming altar of Fedhas.
  2949 | D:4      | Reached skill level 8 in Ice Magic
  3333 | D:5      | Entered Level 5 of the Dungeon
  3345 | D:5      | Found a glowing drain.
  3360 | Sewer    | Entered a sewer
  3533 | Sewer    | Reached XP level 7. HP: 18/47 MP: 8/10
  3884 | Sewer    | Reached skill level 9 in Ice Magic
  4987 | D:5      | Found a snail-covered altar of Cheibriados.
  5018 | D:5      | Reached skill level 10 in Ice Magic
  5387 | D:5      | Reached XP level 8. HP: 52/53 MP: 9/11
  6054 | D:5      | Learned a level 4 spell: Hailstorm
  6168 | D:5      | Found Valeaq's Distillery.
  6175 | D:5      | Bought a potion of degeneration for 12 gold pieces
  6175 | D:5      | Bought 2 potions of lignification for 72 gold pieces
  6175 | D:5      | Bought a potion of curing for 36 gold pieces
  6301 | D:5      | Reached skill level 1 in Conjurations
  6305 | D:5      | Slain by an ice beast

Illustrated notes

Levels and vault maps discovered:
D:1:      dpeg_arrival_caged_fury, layout_basic,
          hellmonk_ecumenical_altar_heavens_door, roderic_lattice_a
D:2:      layout_rooms, basic_altar, minmay_pentomino_t4, uniq_natasha
D:3:      layout_rooms, trog_book, serial_shops, shop, shop, minmay_liquid_box
D:4:      layout_basic, fedhas_altar_3, minmay_small_thing
D:5:      layout_basic, nicolae_wu_jian_wuxing_cycle, cheibriados_altar_1,
          portal_sewer_entry_f, serial_shops, nicolae_square_shop,
          minmay_increasing_density

Skill      XL: |  1  2  3  4  5  6  7  8 |
---------------+-------------------------+-----
Ice Magic      | 5 6 7 8 10 | 10.1
Polearms       | 1 2 4 |  4.1
Dodging        | 3 4 |  4.8
Conjurations   | 1 |  1.3
Fighting       | |  0.4
Stealth        | |  2.1
Unarmed Combat | |  0.2
Spellcasting   | |  2.0
Evocations     | |  0.2

Action                   |  1- 3 |  4- 6 |  7- 9 || total
-------------------------+-------+-------+-------++-------
Melee: Unarmed           |     3 |       |       ||     3
       Spear             |       |    72 |   106 ||   178
       Tailslap          |       |     2 |     5 ||     7
       Punch             |       |     1 |       ||     1
 Cast: Freeze            |    30 |    37 |    15 ||    82
       Frozen Ramparts   |       |    23 |    19 ||    42
Evoke: Wand              |       |       |     5 ||     5
  Use: Scroll            |       |     4 |     5 ||     9
       Potion            |       |       |     4 ||     4
 Stab: Distracted        |       |     1 |       ||     1
       Sleeping          |       |     1 |       ||     1
Armor: Robe              |     7 |    15 |    11 ||    33
Dodge: Dodged            |    22 |    29 |    48 ||    99
